 Dungeon Crawl Stone Soup version 0.31-a0-96-g196d5507e3 (webtiles) character file.

Game seed: 4013870942698879297

26481 ghijl the Protected (level 12, 0/101 HPs)
             Began as a Minotaur Fighter on May 26, 2023.
             Was a High Priest of Okawaru.
             Succumbed to Rupert's poison
             ... on level 12 of the Dungeon.
             The game lasted 00:27:25 (15778 turns).

ghijl the Protected (Minotaur Fighter)             Turns: 15778, Time: 00:27:26

Health: 0/101      AC: 27    Str: 25    XL:     12   Next: 98%
Magic:  4/11       EV: 13    Int:  5    God:    Okawaru [*****.]
Gold:   864        SH:  8    Dex: 11    Spells: 11/11 levels left

rFire   . . .        s - +2 war axe (elec)
rCold   + . .        c - +0 buckler
rNeg    . . .        F - +2 plate armour {rC+}
rPois   +            (helmet restricted)
rElec   .            o - +2 cloak
rCorr   .            (no gloves)
SInv    +            g - +2 pair of boots
Will    .....        y - amulet of the acrobat Stlth
                     r - ring of the Writhing Saviour {rPois Slay+2 SInv}
HPRegen 0.36/turn    (no ring)
MPRegen 0.12/turn

%: acrobat
@: lethally poisoned (0 -> -10), heroic, finesse-ful
A: horns 2, retaliatory headbutt, frail 1
a: Renounce Religion, Heroism, Finesse, Duel


You were on level 12 of the Dungeon.
You worshipped Okawaru.
Okawaru was extremely pleased with you.
You visited 2 branches of the dungeon, and saw 13 of its levels.
You also visited: Ossuary.

You collected 1344 gold pieces.
You spent 480 gold pieces at shops.

Inventory:

Hand Weapons
 a - a +3 war axe
 s - a +2 war axe of electrocution (weapon)
Missiles
 t - 4 throwing nets (quivered)
Armour
 b - a +0 scale mail
 c - a +0 buckler (worn)
 g - a +2 pair of boots (worn)
 o - a +2 cloak (worn)
 E - a +1 crystal plate armour
 F - a +2 plate armour of cold resistance (worn)
Jewellery
 r - the ring of the Writhing Saviour (left hand) {rPois Slay+2 SInv}
   (You bought it in a shop on level 1 of the Dungeon)

   [ring of poison resistance]

   Slay:      It affects your accuracy & damage with ranged weapons and melee
   (+2).
   rPois:     It protects you from poison.
   SInv:      It lets you see invisible.
 y - an amulet of the acrobat (around neck)
 z - a +6 ring of intelligence
 C - a ring of ice
 D - a ring of ice
Wands
 h - a wand of mindburst (2)
 m - a wand of light (13)
 p - a wand of flame (24)
 q - a wand of polymorph (50)
 x - a wand of digging (7)
 A - a wand of roots (16)
Scrolls
 d - a scroll of enchant armour
 i - 6 scrolls of magic mapping
 j - 2 scrolls of teleportation
 l - 2 scrolls of fog
 n - 3 scrolls of fear
 w - 2 scrolls of identify
 B - a scroll of immolation
Potions
 e - 3 potions of enlightenment
 f - 6 potions of attraction
 k - 3 potions of curing
 u - 2 potions of mutation
 v - 4 potions of cancellation


   Skills:
 + Level 12.3(17.3) Fighting
 + Level 12.2(17.2) Axes
 + Level 12.4(17.4) Armour
 + Level 10.9(15.9) Dodging
 + Level 12.4(17.4) Shields


You had 11 spell levels left.
You didn't know any spells.
Your spell library contained the following spells:

 Spells                   Type           Power      Damage    Failure   Level
 Apportation              Tloc           0%         N/A       98%         1
 Cigotuvi's Dreadful Rot  Necr/Pois/Air  0%         N/A       99%         2
 Lesser Beckoning         Tloc           0%         N/A       99%         2
 Poisonous Vapours        Pois/Air       0%         N/A       99%         2
 Gell's Gravitas          Tloc           0%         N/A       100%        3
 Mephitic Cloud           Conj/Pois/Air  0%         N/A       100%        3
 Teleport Other           Tloc           0%         N/A       100%        3
 Cause Fear               Hex            0%         N/A       100%        4
 Dispel Undead            Necr           0%         3d6       100%        4
 Alistair's Intoxication  Tmut/Pois      0%         N/A       100%        5
 Freezing Cloud           Conj/Ice/Air   0%         6-21      100%        5
 Dragon Form              Tmut           0%         N/A       100%        7
 Summon Ice Beast         Ice/Summ       Unusable   N/A       N/A         4
 Summon Mana Viper        Hex/Summ       Unusable   N/A       N/A         5
 Death Channel            Necr           Unusable   N/A       N/A         6
 Monstrous Menagerie      Summ           Unusable   N/A       N/A         7
 Dragon's Call            Summ           Unusable   N/A       N/A         9

Dungeon Overview and Level Annotations

Branches:
Dungeon (12/15)            Temple (1/1) D:4            Lair (0/5) D:10
    Orc (0/2) D:12        Ossuary (visited)

Altars:
Ashenzari
Cheibriados
Elyvilon
Nemelex Xobeh
Okawaru
Qazlal
Ru
Sif Muna
Trog
Xom
Yredelemnul
The Shining One
Lugonu

Shops:
D:1 =   D:8 *   D:9 *   D:12 *

Portals:
Trove: D:10 (give 8 scrolls of fog)

Annotations:
D:4 2 transporters, kush's ghost, amateur MiHu
D:10 2 transporters
D:12 Rupert


Innate Abilities, Weirdness & Mutations

You have a pair of horns on your head.
You reflexively headbutt those who attack you in melee.
You are frail. (-10% HP)


Message History

Unknown command.
Unknown command.
You are too injured to fight recklessly!
Unknown command.
You are too injured to fight recklessly!
Unknown command.
You are too injured to fight recklessly!
Unknown command.
Unknown command.
You are too injured to fight recklessly!
Unknown command.
You slice Rupert!!
Rupert is moderately wounded.
You feel sick.
Rupert hits you with a +3 battleaxe of venom.
You barely miss Rupert.
Rupert is moderately wounded.
You feel sick.
Unknown command.
You hit Rupert.
Rupert is moderately wounded.
You feel sick.
Rupert hits you with a +3 battleaxe of venom!!
* * * LOW HITPOINT WARNING * * *
Unknown command.
Unknown command.
You slash Rupert!
Rupert is moderately wounded.
* * * LOW HITPOINT WARNING * * *
You feel sick.
Unknown command.
You barely miss Rupert.
Rupert is moderately wounded.
* * * LOW HITPOINT WARNING * * *
You feel sick. You block Rupert's attack.
Unknown command.
Unknown command.
You hit Rupert.
Rupert is heavily wounded.
You die...

'....##)))))#
#######)))).# #
####'## ##.# #..#
#.## .#
##|##########.###
#8.....##........
#8....#.).@@......
#8.....#.##.......$
+....>...##........
#8......###........
##8.....# #########
##8...## ######


You could see Rupert (berserk).

Vanquished Creatures
  Fannar (D:11)
  A two-headed ogre (D:10)
  2 centaur warriors (D:9)
  Erica (D:11)
  Lodul (D:11)
  Pikel (D:8)
  An orc knight (D:12)
  2 ugly things
  A cyclops (D:7)
  3 manticores
  A cane toad (shapeshifter) (D:9)
  An unseen horror (D:10)
  An unseen horror (shapeshifter) (D:9)
  2 kobold demonologists (D:9)
  A tengu conjurer (D:9)
  9 trolls
  4 hornets
  Grinder (D:6)
  5 slime creatures
  2 wyverns
  3 shadows
  20 yaks
  8 wraiths
  A vampire (D:11)
  A wyvern (shapeshifter) (D:9)
  A steam dragon (D:9)
  Menkaure (D:4)
  5 acid dragons
  3 water moccasins
  2 floating eyes (D:10)
  16 orc warriors
  2 black bears
  A sky beast (D:6)
  3 ice beasts
  10 ogres
  11 centaurs
  4 kobold brigands
  5 bullfrogs
  3 scorpions
  4 gnoll sergeants
  10 wights
  15 killer bees
  8 howler monkeys
  3 jellies
  8 orc priests
  2 gnoll boudas
  3 hounds
  Crazy Yiuf (D:5)
  Terence (D:2)
  2 sleepcaps
  4 iguanas
  Natasha (twice) (D:4)
  13 orc wizards
  3 mummies (Ossuary)
  Robin (D:4)
  31 gnolls
  6 adders
  2 shadow imps
  A white imp (D:6)
  4 ufetubi
  A dart slug (D:1)
  2 worms
  50 orcs
  2 bats
  11 endoplasms
  6 giant cockroaches
  8 goblins
  10 hobgoblins
  2 quokkas
  3 ball pythons
  3 frilled lizards
  2 goblin zombies (Ossuary)
  5 hobgoblin zombies (Ossuary)
  15 kobolds
  A kobold zombie (Ossuary)
  6 rats
392 creatures vanquished.

Vanquished Creatures (others)
  A yak (D:9)
1 creature vanquished.

Grand Total: 393 creatures vanquished

Notes
Turn   | Place    | Note
-------+----------+-------------------------------------------
     0 | D:1      | ghijl the Minotaur Fighter began the quest for the Orb.
     0 | D:1      | Reached XP level 1. HP: 19/19 MP: 0/0
   236 | D:1      | You fall into a shaft and drop 1 floor!
   258 | D:2      | Noticed Terence
   262 | D:2      | Killed Terence
   263 | D:2      | Reached skill level 1 in Dodging
   263 | D:2      | Reached XP level 2. HP: 27/27 MP: 1/1
   263 | D:2      | Reached XP level 3. HP: 33/33 MP: 2/2
   889 | D:1      | Found Imaity's Jewellery Shoppe.
  1254 | D:2      | Found a faded altar of an unknown god.
  1306 | D:2      | Reached XP level 4. HP: 39/40 MP: 3/3
  2523 | D:3      | Reached XP level 5. HP: 14/47 MP: 4/4
  2959 | D:4      | Noticed Robin
  2970 | D:4      | Killed Robin
  2994 | D:4      | Noticed an ogre
  3000 | D:4      | Killed an ogre
  3001 | D:4      | Reached XP level 6. HP: 41/55 MP: 5/5
  3131 | D:4      | Found a transporter.
  3139 | D:4      | Reached skill level 5 in Fighting
  3139 | D:4      | Reached skill level 5 in Shields
  3141 | D:4      | Reached skill level 5 in Armour
  3208 | D:4      | Found a transporter.
  3215 | D:4      | Noticed kush's ghost (amateur MiHu)
  3599 | D:4      | Noticed Natasha
  3605 | D:4      | Killed Natasha
  3607 | D:4      | Noticed Menkaure
  3610 | D:4      | Killed Menkaure
  3611 | D:4      | Reached XP level 7. HP: 50/61 MP: 6/6
  3731 | D:4      | Found a staircase to the Ecumenical Temple.
  3761 | D:4      | Noticed Natasha
  3765 | D:4      | Killed Natasha
  4087 | D:5      | Entered Level 5 of the Dungeon
  4244 | D:5      | Found a sand-covered staircase.
  4276 | Ossuary  | Entered an ossuary
  4276 | Ossuary  | Noticed a wraith
  4276 | Ossuary  | Noticed a wraith
  4276 | Ossuary  | Noticed a wraith
  4498 | Ossuary  | Noticed a wraith
  4504 | Ossuary  | Killed a wraith
  4505 | Ossuary  | Reached skill level 5 in Axes
  5075 | D:5      | Gained mutation: You are frail. (-10% HP) [potion of
                  | mutation]
  5314 | D:5      | Found a runed translucent door.
  5315 | D:5      | Noticed Crazy Yiuf
  5581 | D:5      | Killed Crazy Yiuf
  5582 | D:5      | Reached XP level 8. HP: 60/62 MP: 7/7
  6129 | D:6      | Noticed Grinder
  6130 | D:6      | Paralysed by Grinder for 5 turns
  6137 | D:6      | Killed Grinder
  6138 | D:6      | Reached skill level 5 in Dodging
  6654 | D:6      | Reached XP level 9. HP: 53/71 MP: 8/8
  7035 | D:7      | Noticed a cyclops
  7045 | D:7      | Killed a cyclops
  7468 | D:7      | Noticed a cyan ugly thing
  7478 | D:7      | Killed a cyan ugly thing
  8095 | D:1      | Bought the ring of the Writhing Saviour {rPois Slay+2 SInv}
                  | for 435 gold pieces
  8364 | D:8      | Found Deack's General Store.
  8503 | D:8      | Reached XP level 10. HP: 78/81 MP: 9/9
  8506 | D:8      | Noticed Pikel
  8517 | D:8      | Killed Pikel
  9200 | D:8      | Identified the +2 robe of Uskayaw, Uplifting {Rampage rN+
                  | SInv}
  9561 | Temple   | Entered the Ecumenical Temple
  9572 | Temple   | Became a worshipper of Warmaster Okawaru
 10001 | D:8      | Identified the +0 ring mail "Raumod" {rElec Dex+5}
 10227 | D:9      | Found Fanan's Assorted Antiques.
 10237 | D:9      | Bought 2 bubbling cyan potions for 45 gold pieces
 10246 | D:9      | Reached * piety under Okawaru
 10735 | D:9      | Reached ** piety under Okawaru
 10736 | D:9      | Reached XP level 11. HP: 64/89 MP: 10/10
 10755 | D:9      | Reached skill level 10 in Armour
 10755 | D:9      | Reached skill level 10 in Shields
 11188 | D:9      | Reached skill level 10 in Fighting
 11364 | D:9      | Reached *** piety under Okawaru
 11365 | D:9      | Reached skill level 10 in Axes
 11669 | D:9      | Noticed a centaur warrior
 11969 | D:9      | Killed a centaur warrior
 12029 | D:9      | Reached **** piety under Okawaru
 12062 | D:9      | Noticed a green ugly thing
 12081 | D:9      | Killed a green ugly thing
 12089 | D:9      | Noticed a centaur warrior
 12104 | D:9      | Killed a centaur warrior
 12104 | D:9      | Reached ***** piety under Okawaru
 12486 | D:10     | Entered Level 10 of the Dungeon
 12739 | D:10     | Found a staircase to the Lair.
 12758 | D:10     | Reached XP level 12. HP: 89/99 MP: 11/11
 12879 | D:10     | HP: 1/99 [yak (7)]
 13126 | D:10     | Paralysed by a floating eye for 4 turns
 13286 | D:10     | Paralysed by a floating eye for 3 turns
 13293 | D:10     | Noticed a two-headed ogre
 13300 | D:10     | Killed a two-headed ogre
 13301 | D:10     | Reached skill level 10 in Dodging
 13367 | D:10     | Found a transporter.
 13369 | D:10     | Found a transporter.
 13369 | D:10     | Found a corrupted altar of Lugonu.
 13378 | D:10     | Found a portal to a secret trove of treasure.
 13416 | D:10     | Found a basalt altar of Yredelemnul.
 13645 | D:10     | Received a gift from Okawaru
 13765 | D:10     | Found a glowing golden altar of the Shining One.
 13765 | D:10     | Found a shimmering blue altar of Sif Muna.
 14007 | D:11     | Noticed Lodul
 14024 | D:11     | Killed Lodul
 14622 | D:11     | Noticed Fannar
 14647 | D:11     | Killed Fannar
 15111 | D:11     | Noticed Erica
 15116 | D:11     | Killed Erica
 15116 | D:11     | Received a gift from Okawaru
 15384 | D:12     | Found Ywybacio's Fire Supplies.
 15729 | D:12     | Found a staircase to the Orcish Mines.
 15760 | D:12     | Noticed Rupert
 15775 | D:12     | HP: 2/101 [Rupert/+3 battleaxe of venom (33)]
 15778 | D:12     | Succumbed to Rupert's poison

Illustrated notes

Levels and vault maps discovered:
D:1:      dpeg_arrival_boxes_within_box, layout_loops_corners, serial_shops,
          nicolae_shop_pleasant_corner_grove
D:2:      layout_basic, shapermc_ecumenical_altar_totnotflames,
          grunt_ministairs_6, st_stairs_11, minivault_25, uniq_terence
D:3:      layout_basic
D:4:      layout_basic, minmay_temple_entry_junction,
          gammafunk_ghost_stat_death, kennysheep_cross_bottleneck,
          uniq_menkaure, uniq_natasha, uniq_robin
D:5:      layout_basic, nicolae_ossuary_entry_false_entrances,
          uniq_crazy_yiuf_cottage
D:6:      layout_loops_corners, uniq_grinder
D:7:      layout_basic, minmay_three_doors
D:8:      minmay_octagon_keep, layout_loops_corners, serial_shops, shop,
          uniq_pikel
D:9:      minmay_the_grid_square_5x5_4x4
          [minmay_the_grid_square_5x5_pentomino_r,
          minmay_the_grid_square_5x5_trominoes,
          minmay_the_grid_square_5x5_checkered_statues,
          minmay_the_grid_square_5x5_inner_i, minmay_the_grid_square_5x5_bite,
          minmay_the_grid_square_5x5_prize_pseudospiral,
          minmay_the_grid_square_5x5_prize_itemx,
          minmay_the_grid_square_5x5_n_small,
          minmay_the_grid_square_5x5_two_walls_b,
          minmay_the_grid_square_5x5_prize_junk,
          minmay_the_grid_square_5x5_prize_rear_guard,
          minmay_the_grid_square_5x5_dogpile, minmay_the_grid_square_5x5_slash,
          minmay_the_grid_square_5x5_forky,
          minmay_the_grid_square_5x5_hollow_slash,
          minmay_the_grid_square_5x5_shrine2], layout_basic, serial_shops, shop
D:10:     gammafunk_corrupted_shrine, layout_irregular_city,
          gammafunk_temple_overflow_wave, yredelemnul_altar_generic,
          nicolae_trove_entry_diagonal, onia_ninara_cookie
D:11:     layout_basic, uniq_fannar, uniq_erica, uniq_lodul
D:12:     layout_roguey [special_room_orc], minmay_orc_entry_temple_large,
          nicolae_shop_fire_sale [nicolae_sub_dead_trees],
          reono_crystal_passage, uniq_rupert
Temple:   compressed_dpeg_triangle_lava_temple

Skill      XL: |  1  2  3  4  5  6  7  8  9 10 11 12 |
---------------+-------------------------------------+-----
Fighting       | 4 5 6 7 8 9 11 12 | 12.3
Armour         | 4 5 6 7 8 9 11 12 | 12.4
Dodging        | 1 2 3 4 5 6 8 9 10 | 10.9
Shields        | 4 5 6 7 8 9 11 12 | 12.4
Axes           | 3 4 5 6 8 9 10 12 | 12.2

Action                     |  1- 3 |  4- 6 |  7- 9 | 10-12 || total
---------------------------+-------+-------+-------+-------++-------
  Melee: War axe           |    45 |    83 |   216 |   514 ||   858
         Headbutt          |     6 |    10 |    44 |   105 ||   165
 Invoke: Heroism           |       |       |       |     1 ||     1
         Finesse           |       |       |       |     1 ||     1
  Evoke: Wand              |       |       |       |     1 ||     1
    Use: Scroll            |     4 |     9 |     8 |    10 ||    31
         Potion            |       |       |     5 |    12 ||    17
   Stab: Invisible         |       |       |       |     4 ||     4
 Armour: Scale mail        |    20 |    32 |   138 |   234 ||   424
  Dodge: Dodged            |    19 |    38 |   112 |   357 ||   526
  Block: Buckler           |     6 |    19 |    65 |   146 ||   236

Table legend: (Time is in decaauts)
 A = Elapsed time spent in this place.
 B = Non-inter-level travel time spent in this place.
 C = Inter-level travel time spent in this place.
 D = Time resting spent in this place.
 E = Time spent auto-exploring this place.
 F = Levels seen in this place.
 G = Mean time per level.
                   A        B        C        D        E       F      G
               +--------+--------+--------+--------+--------+-----+--------+
         Total |  15908 |  14779 |   1129 |    547 |  12142 |  14 | 1136.3 |
       Dungeon |  15377 |  14254 |   1123 |    547 |  11745 |  12 | 1281.4 |
        Temple |     16 |     11 |      5 |      0 |      0 |   1 |   16.0 |
       Ossuary |    514 |    514 |      0 |      0 |    396 |   1 |  514.0 |
               +--------+--------+--------+--------+--------+-----+--------+

Top non-repeatable levels by time:
     D:9: 2326 daAuts
     D:7: 1527 daAuts
     D:8: 1514 daAuts
    D:10: 1494 daAuts
    D:11: 1366 daAuts
     D:4: 1247 daAuts
     D:3: 1244 daAuts
     D:6: 1178 daAuts
     D:5: 1176 daAuts
     D:1: 964 daAuts
     D:2: 927 daAuts
 Ossuary: 514 daAuts
    D:12: 409 daAuts
  Temple: 16 daAuts
